 Dungeon Sprint DCSS version 0.31-a0-536-ga3e2962e35 (webtiles) character file.

Game seed: 7283173469027524118

3 Conn the Firebug (level 1, 0/11 HPs)
             Began as an Octopode Fire Elementalist on Aug 13, 2023.
             Slain by a quokka (3 damage)
             ... in the Dungeon (Sprint IX: "|||||||||||||||||||||||||||||").
             The game lasted 00:00:11 (15 turns).

Conn the Firebug (Octopode Fire Elementalist)         Turns: 15, Time: 00:00:12

Health: 0/11       AC:  1    Str:  7    XL:     1   Next: 50%
Magic:  3/3        EV: 13    Int: 17    God:
Gold:   0          SH:  0    Dex: 12    Spells: 3/4 levels left

rFire   . . .        (no weapon)
rCold   . . .        (no shield)
rNeg    . . .        (helmet restricted)
rPois   .            (no amulet)
rElec   .            (no ring)
rCorr   .            (no ring)
SInv    .            (no ring)
Will    .....        (no ring)
Stlth   +++          (no ring)
HPRegen 0.21/turn    (no ring)
MPRegen 0.08/turn    (no ring)
                     (no ring)

%: no teleportation
@: no status effects
A: almost no armour, amphibious, 8 rings, camouflage 1, gelatinous body 1,
(nimble swimmer 1), tentacles
a: no special abilities


You were in the Dungeon.
You visited 1 branch

Inventory:

Scrolls
 f - a scroll of blinking
Potions
 a - 3 potions of magic
 b - a potion of curing
 c - a potion of heal wounds
 d - a potion of haste
 e - a potion of berserk rage


   Skills:
 + Level 2.6 Dodging
 + Level 3.1 Stealth
 + Level 2.0 Spellcasting
 + Level 1.0 Conjurations
 + Level 3.6 Fire Magic


You had 3 spell levels left.
You knew the following spells:

 Your Spells              Type           Power      Damage    Failure   Level
a - Foxfire               Conj/Fire      36%        2x1d5     8%          1

Your spell library contained the following spells:

 Spells                   Type           Power      Damage    Failure   Level
 Scorch                   Fire           28%        2d6       7%          2
 Inner Flame              Hex/Fire       7%         N/A       28%         3
 Volatile Blastmotes      Fire/Tloc      14%        2d11      28%         3
 Flame Wave               Conj/Fire      9%         2d6       58%         4


Dungeon Overview and Level Annotations

Branches:
Dungeon (1/1)

Altars:


Innate Abilities, Weirdness & Mutations

You cannot wear most types of armour.
You are amphibious.
You can wear up to eight rings at the same time.
Your skin changes colour to match your surroundings (Stealth+).
Your rubbery body absorbs attacks. (AC +1, EV +1)
((You are camouflaged when in or above water. (Stealth+)))
You have tentacles for arms and can constrict up to eight enemies at once.


Message History

The ball python closely misses you. The ball python misses you.
The ball python bites you. The ball python grabs you.
The ball python constricts you.
You tentacle-slap the ball python.
You kill the ball python!
Unknown command.
You tentacle-slap the kobold but do no damage.
Your grab misses the kobold. You squeeze the kobold.
The kobold is heavily wounded.
The kobold hits you with a +0 short sword.
Unknown command.
You tentacle-slap the kobold but do no damage.
You grab the kobold. You squeeze the kobold.
You kill the kobold!
You completely miss the hobgoblin. You grab the hobgoblin.
You constrict the hobgoblin, but do no damage.
The hobgoblin completely misses you.
You tentacle-slap the hobgoblin but do no damage.
You constrict the hobgoblin, but do no damage.
The quokka twitches its whiskers.
The hobgoblin misses you.
You tentacle-slap the hobgoblin but do no damage.
You constrict the hobgoblin. The hobgoblin hits you.
You tentacle-slap the hobgoblin but do no damage.
You squeeze the hobgoblin.
The hobgoblin is almost dead.
You constrict the hobgoblin.
You kill the hobgoblin!
Your Stealth skill increases to level 3!
You tentacle-slap the quokka but do no damage.
Your grab misses the quokka. The quokka misses you.
You miss the quokka. Your grab misses the quokka.
The quokka closely misses you.
You miss the quokka. Your grab misses the quokka.
The quokka closely misses you.
You tentacle-slap the quokka but do no damage.
Your grab misses the quokka. The quokka bites you.
* * * LOW HITPOINT WARNING * * *
The quokka bites you.
You die...

▓▓▓
▓<▓
▓.▓
▓.▓
▓@▓
▓r▓
▓l▓
▓.▓
▓.▓
▓.▓
▓.▓
▓+▓


You could see a quokka and a frilled lizard.

Vanquished Creatures
  A hobgoblin (D)
  A kobold (D)
  A ball python (D)
3 creatures vanquished.

Notes
Turn   | Place    | Note
-------+----------+-------------------------------------------
     0 | D        | Conn the Octopode Fire Elementalist began the quest for the
                  | Orb.
     0 | D        | Reached XP level 1. HP: 11/11 MP: 3/3
    15 | D        | Slain by a quokka

Illustrated notes

Levels and vault maps discovered:
D:        linesprint [early_d, line_temple, items_1, d_10, items_2, lair_1,
          lair_end, items_3, orc_1, orc_end, items_4, d_15, swamp_1, shoals_1,
          snake_1, spider_1, d_20, vaults_1, items_5, swamp_end, shoals_end,
          snake_end, spider_end, vaults_end, d_27, items_6, zot_1, zot_end,
          crypt_end, forest_end, elf_end, slime_end, tomb_end, abyss_end,
          pan_hell_end]

Skill      XL: |  1 |
---------------+----+-----
Stealth        | 3 |  3.1
Dodging        | |  2.6
Spellcasting   | |  2.0
Conjurations   | |  1.0
Fire Magic     | |  3.6

Action                     || total
---------------------------++-------
  Melee: Unarmed           ||    12
         Constrict         ||     3
         Tentacles         ||     3
  Dodge: Dodged            ||     7

Table legend: (Time is in decaauts)
 A = Elapsed time spent in this place.
 B = Non-inter-level travel time spent in this place.
 C = Inter-level travel time spent in this place.
 D = Time resting spent in this place.
 E = Time spent auto-exploring this place.
 F = Levels seen in this place.
 G = Mean time per level.
                   A        B        C        D        E       F      G
               +--------+--------+--------+--------+--------+-----+--------+
         Total |     15 |     15 |      0 |      0 |      0 |   1 |   15.0 |
       Dungeon |     15 |     15 |      0 |      0 |      0 |   1 |   15.0 |
               +--------+--------+--------+--------+--------+-----+--------+

Top non-repeatable levels by time:
       D: 15 daAuts
